 Dungeon Crawl Stone Soup version 0.14-a0-226-gcf818b1 (webtiles) character file.

213 Chiseanne the Covered (level 5, -1/33 HPs)
             Began as a Gargoyle Fighter on Oct 10, 2013.
             Slain by an orc wizard
             ... wielding a +0,+0 orcish morningstar
              (7 damage)
             ... on Level 3 of the Dungeon.
             The game lasted 00:06:32 (1690 turns).

Chiseanne the Covered (Gargoyle Fighter)            Turns: 1690, Time: 00:06:32

HP  -1/33        AC 12     Str 21      XL: 5   Next: 16%
MP   4/4         EV  7     Int  8      God:
Gold 80          SH 19     Dex  9      Spells:  0 memorised,  4 levels left

Res.Fire  : . . .   See Invis. : .   p - -1,+1 orc falchion (flame)
Res.Cold  : . . .   Warding    : .   b - +0 scale mail
Life Prot.: + . .   Conserve   : .   c - +0 shield
Res.Poison: +       Res.Corr.  : .   (no helmet)
Res.Elec. : +       Clarity    : .   m - +0 cloak
Sust.Abil.: . .     Spirit.Shd : .   (no gloves)
Res.Mut.  : .       Stasis     : .   (no boots)
Res.Rott. : +       Flight     : .   (no amulet)
Saprovore : . . .                    (no ring)
                                     (no ring)

@: slightly resistant to hostile enchantments, extremely unstealthy
A: fangs 1, talons 2, life protection 1, electricity resistance, slow metabolism
1, unbreathing, petrification resistance, AC +4
a: no special abilities


You were on level 3 of the Dungeon.
You were not hungry.

You visited 1 branch of the dungeon, and saw 3 of its levels.

You collected 60 gold pieces.

Inventory:

Hand weapons
 e - a +2,+2 sling of frost
 p - a -1,+1 orcish falchion of flaming (weapon)
Missiles
 g - 15 poisoned needles
 i - 69 darts (quivered)
 j - a throwing net
Armour
 b - a +0 scale mail (worn)
 c - a +0 shield (worn)
 m - a +0 cloak (worn)
Comestibles
 d - 2 bread rations
 l - a beef jerky
 n - a slice of pizza
Scrolls
 a - a scroll of noise {unknown}
 f - 2 scrolls of blinking {unknown}
 h - a scroll of identify {unknown}
 k - a scroll of curse jewellery {unknown}
 o - 2 scrolls of teleportation {unknown}
 q - a scroll of fear {unknown}
 r - a scroll of recharging {unknown}
 s - a scroll of remove curse {unknown}
 t - a scroll of fog {unknown}


   Skills:
 * Level 3.8 Fighting
   Level 2.1 Maces & Flails
 * Level 4.5 Armour
 * Level 1.5 Dodging
 * Level 4.2 Shields


You had 4 spell levels left.
You didn't know any spells.

Dungeon Overview and Level Annotations

Branches:
Dungeon (3/27)

Altars:
Ashenzari
Elyvilon
Fedhas
Nemelex Xobeh


Innate Abilities, Weirdness & Mutations

You are resistant to torment.
You are immune to poison.
Your stone body is very resilient (AC +4).
You have very sharp teeth.
You have razor-sharp toenails.
You resist negative energy.
You are resistant to electric shocks.
You have a slow metabolism.
You can survive without breathing.
You are immune to petrification.


Message History

It hits you but does no damage.
The giant gecko bites you but does no damage.
You miss the giant gecko. You claw the giant gecko.
You kill the giant gecko!
You hear some strange, mumbled words.
The puff of flame hits you! It hits you but does no damage.
You miss it. Your kick misses it. It hits you.
You slash it! You burn it.
You hear some strange, mumbled words.
The magic dart hits you!
You miss it. Your kick misses it. You bite it. It hits you.
* * * LOW HITPOINT WARNING * * *
You aren't carrying any potions.
You hit it. You burn it. Your kick misses it. It hits you but does no damage.
You hit it but do no damage. Your kick misses it. You block its attack.
You closely miss it. You block its attack.
You closely miss it. You bite it. It hits you.
* * * LOW HITPOINT WARNING * * *
You closely miss it. You bite it. It hits you!
You die...

. .... ## ## .....
.##+... ......
.......
.......#####.......#
.......#...@)......#
#.....#...+%.._...+
#.....#...#.......#
#......#.##........#
. ####.....#........
##. #.##..#⌠.##+.#
#.. #. ##.##.....# .
#.. # #........#
#.##..
#....#...#..#.#.....


There were no monsters in sight!

Vanquished Creatures
  An orc priest (D:3)
  2 adders
  A worm (D:2)
  4 giant geckos
  2 oozes
  11 orcs (D:3)
  A ball python (D:2)
  4 giant cockroaches
  9 hobgoblins
  7 jackals
  A quokka (D:2)
  5 bats
  2 giant newts (D:2)
  3 goblins
  4 kobolds
  5 rats
62 creatures vanquished.

Notes
Turn   | Place    | Note
--------------------------------------------------------------
     0 | D:1      | Chiseanne, the Gargoyle Fighter, began the quest for the Orb.
     0 | D:1      | Reached XP level 1. HP: 14/14 MP: 0/0
    92 | D:1      | Paralysed by a potion of paralysis for 6 turns
   196 | D:1      | Reached XP level 2. HP: 19/19 MP: 1/1
   446 | D:1      | Reached XP level 3. HP: 24/24 MP: 2/2
   722 | D:2      | Reached skill level 4 in Armour
  1074 | D:2      | Reached skill level 1 in Dodging
  1074 | D:2      | Reached XP level 4. HP: 26/28 MP: 3/3
  1327 | D:3      | Found a blossoming altar of Fedhas.
  1328 | D:3      | Found a sparkling altar of Nemelex Xobeh.
  1488 | D:3      | Found a white marble altar of Elyvilon.
  1539 | D:3      | Reached XP level 5. HP: 20/33 MP: 4/4
  1663 | D:3      | Found a shattered altar of Ashenzari.
  1690 | D:3      | Slain by an orc wizard

Action                   |  1- 3 |  4- 6 || total
-------------------------+-------+-------++-------
Melee: Mace              |    88 |    22 ||   110
       Flail             |       |    27 ||    27
       Falchion          |       |    15 ||    15
  Use: Potion            |     5 |       ||     5
